 Dungeon Crawl Stone Soup version 0.29-a0-321-gf1c400731a (webtiles) character file.

Game seed: 17263007152294681894

1 GigaChad the Grave Robber (level 1, -2/13 HPs)
             Began as a Vampire Necromancer on Apr 4, 2022.
             Slain by a quokka (4 damage)
             ... on level 1 of the Dungeon.
             The game lasted 00:00:22 (65 turns).

GigaChad the Grave Robber (Vampire Necromancer)       Turns: 65, Time: 00:00:23

Health: -2/13      AC:  2    Str:  7    XL:     1   Next: 16%
Magic:  2/3        EV: 12    Int: 17    God:
Gold:   0          SH:  0    Dex: 14    Spells: 3/4 levels left

rFire   . . .      SeeInvis +   (no weapon)
rCold   . . .      Faith    .   (no shield)
rNeg    . . .      Spirit   .   a - +0 robe
rPois   .          Reflect  .   (no helmet)
rElec   .          Harm     .   (no cloak)
rCorr   .          Rampage  .   (no gloves)
Will    .....                   (no boots)
Stlth   ++........              (no amulet)
HPRegen 0.24/turn               (no ring)
MPRegen 0.08/turn               (no ring)

@: healing quickly
A: alive, fangs 3, see invisible, vampiric 1
a: Exsanguinate


You were on level 1 of the Dungeon.
You visited 1 branch of the dungeon, and saw 1 of its levels.

Inventory:

Armour
 a - a +0 robe (worn)
Scrolls
 c - a scroll of teleportation {unknown}
Potions
 b - a potion of magic


   Skills:
 + Level 2.1 Dodging
 + Level 3.0 Stealth
 + Level 2.0 Spellcasting
 + Level 4.4 Necromancy


You had 3 spell levels left.
You knew the following spells:

 Your Spells              Type           Power      Damage    Failure   Level
a - Pain                  Necr           64%        1d7       3%          1

Your spell library contained the following spells:

 Spells                   Type           Power      Damage    Failure   Level
 Animate Skeleton         Necr           32%        N/A       3%          1
 Vampiric Draining        Necr           16%        2d7       10%         3
 Animate Dead             Necr           8%         N/A       30%         4
 Agony                    Necr           16%        N/A       65%         5


Dungeon Overview and Level Annotations

Branches:
Dungeon (1/15)

Altars:


Innate Abilities, Weirdness & Mutations

Your natural rate of healing is accelerated.
You have razor-sharp teeth.
You have supernaturally acute eyesight. (SInv)
You are afflicted with vampirism.


Message History

A ball python comes into view.
A ball python is nearby!
A ball python comes into view.
The ball python hisses angrily. x2
A bat comes into view.
The ball python closely misses you. The ball python barely misses you.
A quokka comes into view.
The bat hits you but does no damage.
You closely miss the bat. The bat hits you but does no damage.
The ball python closely misses you. The ball python grabs you.
The ball python constricts you. The ball python barely misses you.
The ball python constricts you. The ball python bites you.
You closely miss the ball python. The bat hits you but does no damage.
The ball python barely misses you. The ball python closely misses you.
The ball python constricts you.
You hit the ball python. You bite the ball python.
The ball python is severely wounded.
The ball python bites you. x2; The ball python constricts you.
You hit the ball python but do no damage.
The ball python is severely wounded.
The bat closely misses you. The ball python barely misses you.
The ball python misses you. The ball python constricts you.
You are too injured to fight recklessly!
You are too injured to fight recklessly!
You are too injured to fight recklessly!
You are too injured to fight recklessly!
You are too injured to fight recklessly!
You are too injured to fight recklessly!
You escape the ball python's grasp.
The bat barely misses you.
The bat writhes in agony!
You kill the bat!
You are too injured to fight recklessly!
The ball python attacks as you move away!
The ball python bites you. The ball python barely misses you.
You closely miss the ball python. Your bite misses the ball python.
The ball python is severely wounded.
The ball python bites you.
* * * LOW HITPOINT WARNING * * *
The ball python barely misses you. The quokka bites you.
You die...

#.# #.# ...
#####.#
.....# #.
..#
#.#.##.##r#
#......†S@#
#.#.##.##S#
#.##.##.#
........#
.....##.#
#.###.. #.#
#.###.. #.#


PPPPPPP #.# PPPPPPPPPPPPPP##.# You could see a quokka and 2 ball pythons.

Vanquished Creatures
  A bat (D:1)
1 creature vanquished.

Vanquished Creatures (others)
  5 plants (D:1)
5 creatures vanquished.

Grand Total: 6 creatures vanquished

Notes
Turn   | Place    | Note
-------+----------+-------------------------------------------
     0 | D:1      | GigaChad the Vampire Necromancer began the quest for the
                  | Orb.
     0 | D:1      | Reached XP level 1. HP: 13/13 MP: 3/3
    65 | D:1      | Slain by a quokka

Illustrated notes

Levels and vault maps discovered:
D:1:      roderic_crop_circles_arrival_small, layout_loops_ring,
          minmay_misc_feat_iff

Action                   || total
-------------------------++-------
Melee: Unarmed           ||    14
       Bite              ||     3
       Punch             ||     2
 Cast: Pain              ||     1
Armor: Robe              ||     3
Dodge: Dodged            ||    12

Table legend: (Time is in decaauts)
 A = Elapsed time spent in this place.
 B = Non-inter-level travel time spent in this place.
 C = Inter-level travel time spent in this place.
 D = Time resting spent in this place.
 E = Time spent auto-exploring this place.
 F = Levels seen in this place.
 G = Mean time per level.
                   A        B        C        D        E       F      G
               +--------+--------+--------+--------+--------+-----+--------+
         Total |     65 |     36 |     29 |      0 |     11 |   1 |   65.0 |
       Dungeon |     65 |     36 |     29 |      0 |     11 |   1 |   65.0 |
               +--------+--------+--------+--------+--------+-----+--------+

Top non-repeatable levels by time:
     D:1: 65 daAuts
